Map: Interloper LE

Players

SamuraiFunn - Winner!

  • Race: Protoss Protoss
  • Spawn Location: 5:00

A.I. 1 (Harder)

  • Race: Terran Terran
  • Spawn Location: 11:00

VOD

Have the link to the VOD?

Description

Time

  • Played on: Oct. 28, 2017, 10:08 p.m.
  • Length: 12:13
Show
View Real Time Build Order
Export as new Build Order

SamuraiFunn Protoss - Winner!

Build Orders:  

Get SALT Encoding   

  12  0:01  Probe (Chrono Boost)  
  13  0:11  Probe (Chrono Boost)  
  14  0:22  Probe (Chrono Boost), Pylon  
  15  0:40  Probe (Chrono Boost)  
  16  0:42  Gateway  
  16  0:51  Probe (Chrono Boost)  
  16  0:54  Assimilator  
  17  1:03  Probe (Chrono Boost)  
  18  1:11  Gateway  
  18  1:13  Probe (Chrono Boost)  
  19  1:23  Assimilator  
  19  1:28  Probe (Chrono Boost)  
  20  1:36  Pylon  
  20  1:44  Zealot  
  22  1:47  Forge  
  22  2:08  Zealot  
  24  2:15  Zealot  
  26  2:18  Pylon  
  26  2:22  Protoss Ground Weapons Level 1  
  26  2:24  Probe (Chrono Boost)  
  27  2:34  Probe (Chrono Boost)  
  27  2:36  Cybernetics Core  
  28  2:45  Probe (Chrono Boost)  
  28  2:50  Zealot  
  31  2:56  Probe (Chrono Boost)  
  32  3:06  Probe (Chrono Boost)  
  33  3:14  Nexus  
  33  3:21  Zealot x2  
  37  3:28  Pylon  
  37  3:36  Probe (Chrono Boost)  
  38  3:46  Probe (Chrono Boost)  
  39  3:49  Twilight Council  
  39  4:05  Pylon  
  39  4:12  Probe (Chrono Boost)  
  39  4:14  Zealot x2  
  44  4:23  Probe (Chrono Boost)  
  44  4:24  Protoss Shields Level 1  
  45  4:37  Gateway  
  45  4:45  Assimilator  
  45  4:49  Probe (Chrono Boost)  
  45  4:51  Assimilator  
  46  4:53  Zealot  
  46  4:58  Zealot  
  50  5:00  Probe (Chrono Boost)  
  50  5:06  Probe (Chrono Boost)  
  52  5:10  Probe (Chrono Boost)  
  53  5:14  Charge  
  53  5:17  Probe (Chrono Boost)  
  53  5:20  Zealot  
  56  5:22  Gateway  
  56  5:35  Probe (Chrono Boost)  
  57  5:40  Stalker x2  
  61  5:46  Probe (Chrono Boost)  
  63  6:04  Probe (Chrono Boost)  
  63  6:15  Probe (Chrono Boost)  
  60  6:29  Zealot x3  
  60  6:30  Zealot  
  60  6:52  Protoss Ground Weapons Level 2  
  56  7:03  Nexus  
  56  7:07  Pylon  
  56  7:25  Zealot x3  
  56  7:28  Nexus  
  62  7:33  Pylon  
  62  7:40  Pylon  
  62  7:51  Zealot  
  64  7:52  Zealot x3  
  70  8:18  Zealot  
  72  8:22  Zealot x3  
  78  8:31  Probe (Chrono Boost)  
  79  8:42  Probe (Chrono Boost)  
  79  8:45  Nexus, Zealot  
  82  8:54  Stalker  
  82  8:55  Stalker x2  
  88  9:10  Blink  
  88  9:13  Protoss Shields Level 2  
  88  9:39  Stalker x4  
  96  9:51  Robotics Facility  
  96  9:54  Robotics Facility  
  74  10:33  Stalker x4  
  74  11:03  Zealot x2  
  74  11:04  Zealot x2  
  82  11:15  Immortal x2  
  90  11:30  Stalker x2  
  90  11:31  Stalker x2  
Show
View Real Time Build Order
Export as new Build Order

A.I. 1 (Harder) Terran 

Build Orders: MMM Bio 

Get SALT Encoding   

  12  0:00  SCV  
  13  0:13  SCV  
  14  0:19  Supply Depot  
  14  0:25  SCV  
  15  0:40  SCV  
  16  0:43  Barracks  
  16  0:49  Refinery  
  16  0:52  SCV  
  17  1:04  SCV  
  18  1:16  SCV  
  19  1:21  Supply Depot  
  19  1:29  SCV, Marine  
  21  1:40  Barracks  
  21  1:42  Orbital Command  
  21  1:48  Barracks Tech Lab, Refinery  
  21  2:06  Marine  
  21  2:07  Supply Depot  
  22  2:24  Marine  
  22  2:27  Marine  
  22  2:29  Factory  
  24  2:42  Marauder  
  26  2:50  Marine  
  27  3:03  Marine  
  27  3:04  Supply Depot  
  28  3:08  Marine  
  29  3:17  Starport  
  29  3:21  Marine  
  30  3:34  SCV  
  30  3:39  Marauder  
  33  3:44  Supply Depot  
  33  3:46  SCV  
  34  3:55  Starport Tech Lab  
  34  3:56  Engineering Bay  
  34  3:58  SCV  
  34  4:00  Marauder  
  37  4:10  SCV  
  37  4:13  Banshee  
  41  4:22  SCV, Marauder  
  44  4:34  SCV  
  45  4:56  Banshee  
  48  5:36  Barracks Tech Lab  
  48  5:37  Marine, Stimpack  
  48  5:39  Factory, Factory Tech Lab  
  49  5:43  Starport  
  49  5:46  Supply Depot, Command Center  
  49  5:50  Terran Infantry Weapons Level 1  
  49  5:54  Concussive Shells  
  49  5:55  Marine x2  
  51  6:02  Siege Tank  
  54  6:12  Marine  
  55  6:20  Starport Tech Lab  
  55  6:22  Factory Tech Lab  
  55  6:25  Missile Turret  
  55  6:30  Missile Turret  
  55  6:34  Siege Tank  
  55  6:37  Combat Shields, Supply Depot  
  58  6:44  Marine  
  56  6:51  Marauder  
  45  6:59  SCV  
  45  7:00  SCV  
  47  7:02  Marine  
  47  7:04  Refinery  
  47  7:10  Refinery  
  47  7:11  SCV  
  47  7:13  Marauder  
  47  7:14  SCV  
  51  7:20  Marauder  
  53  7:23  SCV, Siege Tank  
  53  7:26  SCV  
  58  7:33  Marine  
  58  7:35  SCV  
  60  7:38  SCV  
  60  7:41  Marine  
  61  7:44  Terran Infantry Armor Level 1  
  61  7:46  Cyclone  
  61  7:48  SCV  
  61  7:50  SCV  
  66  7:52  Marine  
  66  7:55  Raven  
  69  7:59  Marine  
  69  8:00  SCV  
  69  8:02  SCV  
  72  8:10  Marine, Raven  
  72  8:12  SCV  
  76  8:13  Supply Depot  
  76  8:14  SCV  
  76  8:17  Marauder  
  78  8:24  SCV  
  78  8:25  Bunker  
  78  8:26  SCV  
  80  8:28  Marine  
  80  8:32  Missile Turret  
  81  8:36  SCV  
  81  8:37  Missile Turret  
  81  8:38  SCV  
  83  8:48  SCV  
  84  8:50  Sensor Tower  
  84  8:51  SCV  
  84  8:55  Supply Depot  
  84  9:00  SCV  
  85  9:03  SCV  
  85  9:08  Bunker  
  86  9:12  SCV, Armory  
  87  9:21  Barracks  
  87  9:54  Medivac, Hellion  
  87  9:55  Medivac  
  87  9:58  Factory, Hellion  
  95  10:00  Supply Depot  
  95  10:03  Starport  
  95  10:05  Command Center  
  90  10:09  Barracks Reactor  
  63  10:15  Siege Tank  
  63  10:18  Marine  
  64  10:22  Marine  
  64  10:25  Medivac  
  49  10:29  Hellion  
  43  10:36  Marine  
  43  10:40  Marine  
  43  10:41  Factory Tech Lab  
  44  10:45  Marine x2  
  40  10:52  Starport Reactor  
  40  10:54  Marine  
  36  10:58  Marine  
  36  11:03  Marine  
  27  11:18  SCV  
  11  11:37  SCV  
  5  12:01  SCV  
Tags
 
Composition
MMM Bio
Matchup
PvT
Replay Pack
First 100 games
Spawn Locations
Cross Positions
Add a new tag
Caveats
  • Supply blocks, unpowered buildings, or Contaminate may cause inaccurate times.
  • Supply counts are checked every 10 seconds.